Map: Dusk Towers

Players

Elroye

  • Race: Zerg Zerg
  • League: Grandmaster

Miszu - Winner!

  • Race: Terran Terran
  • League: Grandmaster

VOD

Have the link to the VOD?

Description

Time

  • Played on: May 17, 2016, 10:37 a.m.
  • Length: 10:33
Show
View Real Time Build Order
Export as new Build Order

Elroye Zerg 

Build Orders: Hatch First 

Get SALT Encoding   

  12  0:01  Drone  
  13  0:12  Overlord  
  13  0:17  Drone  
  14  0:30  Drone x2  
  16  0:36  Drone  
  17  0:51  Hatchery  
  17  0:54  Drone  
  17  0:57  Drone  
  17  1:03  Extractor  
  17  1:12  Spawning Pool  
  17  1:15  Drone  
  17  1:19  Drone  
  18  1:29  Drone  
  19  1:39  Overlord  
  19  1:59  Queen  
  19  2:00  Zergling x4  
  23  2:03  Queen  
  23  2:04  Drone  
  23  2:07  Metabolic Boost  
  26  2:11  Drone  
  26  2:14  Drone  
  28  2:21  Drone  
  29  2:29  Drone  
  29  2:39  Queen, Drone  
  29  2:42  Queen  
  34  2:48  Overlord  
  34  2:49  Drone x2  
  36  3:07  Drone  
  36  3:08  Drone x3  
  36  3:10  Drone x2  
  42  3:13  Overlord  
  42  3:14  Drone x2  
  44  3:36  Hatchery  
  43  3:44  Drone x3  
  43  3:45  Drone x3  
  43  3:48  Queen  
  49  3:49  Overlord  
  49  3:50  Drone  
  49  3:52  Extractor  
  49  3:55  Roach Warren  
  50  3:57  Drone x2  
  50  4:00  Overlord  
  52  4:06  Evolution Chamber  
  52  4:07  Evolution Chamber  
  51  4:11  Overlord  
  51  4:12  Drone  
  52  4:21  Drone x5  
  57  4:26  Drone x3  
  57  4:28  Overlord  
  57  4:29  Overlord  
  60  4:33  Zerg Ground Armor Level 1  
  60  4:39  Queen  
  60  4:42  Zergling x2  
  60  4:43  Zergling x2  
  62  4:46  Zergling x2  
  62  4:49  Roach Warren  
  62  4:50  Spore Crawler  
  61  4:53  Spore Crawler x2  
  61  4:54  Queen  
  61  4:57  Zergling x2  
  61  4:58  Zergling x2  
  62  5:08  Zergling x14  
  65  5:14  Zerg Melee Weapons Level 1  
  65  5:18  Drone x2  
  66  5:21  Drone x2  
  66  5:24  Drone  
  68  5:28  Lair  
  68  5:30  Drone x2  
  68  5:33  Drone x3  
  73  5:39  Drone  
  73  5:41  Baneling Nest  
  73  5:52  Drone x3  
  76  5:59  Zergling x6  
  76  6:00  Zergling x4, Roach x2  
  76  6:01  Roach  
  87  6:09  Zergling x2, Roach  
  87  6:11  Overlord x2  
  90  6:14  Overlord  
  69  6:28  Zergling x6, Roach x3  
  69  6:36  Queen  
  69  6:39  Queen  
  59  6:51  Queen  
  61  6:56  Drone  
  61  6:57  Drone x7  
  69  7:01  Ravager x3  
  69  7:04  Drone x2  
  69  7:08  Drone  
  75  7:17  Drone x2  
  75  7:21  Drone  
  75  7:22  Drone x2  
  80  7:38  Extractor  
  80  7:39  Extractor  
  80  7:40  Extractor  
  80  7:41  Overlord, Extractor  
  80  7:42  Drone x4  
  80  7:51  Ravager  
  80  7:52  Queen x3, Ravager  
  80  7:54  Hatchery  
  87  7:59  Drone x5  
  87  8:00  Drone x3  
  95  8:13  Drone x2  
  95  8:14  Zergling x2  
  95  8:16  Glial Reconstitution  
  95  8:17  Overlord x3  
  98  8:26  Overlord  
  98  8:36  Hatchery  
  98  8:38  Drone x3  
  105  8:48  Zergling x6, Roach x3  
  105  8:50  Zergling x6  
  105  8:53  Extractor  
  111  8:57  Extractor  
  111  9:00  Zergling x2, Roach x2  
  114  9:10  Drone  
  114  9:11  Spire  
  114  9:13  Zergling x2, Roach  
  114  9:14  Zergling x6, Roach x4  
  114  9:16  Ravager x2  
  129  9:17  Overseer  
  118  9:54  Queen  
  118  9:55  Queen  
  122  10:02  Overlord x3  
  122  10:12  Hatchery  
Show
View Real Time Build Order
Export as new Build Order

Miszu Terran - Winner!

Build Orders: Reaper Expand, Hellion Banshee 

Get SALT Encoding   

  12  0:01  SCV  
  13  0:13  SCV  
  14  0:17  Supply Depot  
  14  0:25  SCV  
  15  0:39  SCV  
  15  0:40  Barracks  
  16  0:45  Refinery  
  16  0:51  SCV  
  17  1:03  SCV  
  18  1:15  SCV  
  19  1:27  Orbital Command  
  19  1:28  Reaper  
  20  1:40  Command Center  
  20  1:51  Supply Depot  
  20  1:53  SCV  
  21  2:00  Marine  
  22  2:05  Factory  
  22  2:07  SCV  
  23  2:19  SCV  
  24  2:26  Barracks Reactor  
  24  2:30  Refinery  
  24  2:31  SCV  
  25  2:43  SCV  
  26  2:52  Orbital Command  
  26  2:55  SCV  
  26  2:58  Starport  
  27  3:06  Hellion x2  
  27  3:07  SCV  
  27  3:08  Barracks Tech Lab  
  32  3:17  SCV  
  32  3:19  SCV  
  34  3:27  Hellion  
  34  3:28  Hellion  
  34  3:29  SCV  
  34  3:31  SCV  
  40  3:36  Barracks Reactor  
  39  3:45  SCV  
  39  3:46  SCV  
  39  3:47  Command Center, Banshee  
  44  3:56  Supply Depot  
  44  3:57  SCV  
  44  3:58  SCV  
  44  4:01  Refinery  
  44  4:02  Refinery  
  46  4:09  Supply Depot  
  46  4:17  SCV  
  46  4:18  Hellion x2, SCV  
  46  4:23  Liberator x2  
  52  4:29  SCV  
  52  4:30  SCV  
  54  4:33  Supply Depot  
  54  4:39  Armory  
  54  4:41  SCV  
  61  4:48  SCV  
  62  4:55  Hellion x2, SCV  
  67  5:01  SCV  
  68  5:09  Liberator x2  
  68  5:19  Hellion x2  
  68  5:20  SCV  
  73  5:24  SCV  
  73  5:25  Orbital Command  
  80  5:32  SCV  
  80  5:33  Terran Ship Weapons Level 1  
  81  5:38  SCV  
  81  5:39  Starport  
  81  5:42  Supply Depot x2, Starport  
  82  5:44  SCV  
  85  5:50  Hellion  
  85  5:53  Hellion  
  85  5:56  Orbital Command  
  85  6:01  Liberator x2  
  85  6:03  SCV x2  
  85  6:04  Supply Depot  
  87  6:07  Supply Depot  
  87  6:19  Hellion x2, SCV  
  87  6:21  SCV x2  
  88  6:42  Hellion, SCV  
  88  6:43  SCV x2  
  88  6:46  Starport Tech Lab, Banshee  
  90  6:49  Liberator  
  90  6:53  Command Center  
  90  6:55  SCV x3  
  93  7:01  Refinery  
  93  7:02  Fusion Core  
  93  7:04  Supply Depot  
  93  7:05  Supply Depot, Refinery  
  93  7:07  SCV x3  
  93  7:08  Hellion  
  101  7:10  Liberator  
  101  7:19  SCV x2  
  103  7:27  Banshee  
  109  7:31  Banshee  
  109  7:33  Supply Depot  
  109  7:35  SCV x2  
  109  7:36  SCV, Liberator  
  115  7:39  Terran Ship Weapons Level 2  
  115  7:42  Hellion x2  
  119  7:47  SCV  
  119  7:50  SCV x2  
  122  7:54  Supply Depot  
  122  7:56  Supply Depot  
  125  8:00  Starport  
  125  8:02  Starport  
  125  8:10  Liberator, Banshee  
  128  8:14  Engineering Bay  
  128  8:15  Hellion x2  
  128  8:16  Banshee  
  128  8:17  Hyperflight Rotors  
  128  8:18  Refinery  
  135  8:22  Refinery  
  138  8:39  Planetary Fortress  
  138  8:40  Command Center  
  138  8:42  Command Center  
  138  8:46  Command Center  
  138  8:47  Starport Tech Lab x2  
  138  8:53  Banshee  
  141  8:59  Supply Depot x2, Banshee  
  144  9:05  Hellion x2  
  144  9:11  Liberator  
  144  9:12  SCV x2  
  144  9:13  SCV  
  142  9:17  SCV  
  143  9:24  SCV x2  
  143  9:25  SCV  
  143  9:26  Banshee  
  143  9:27  Banshee  
  155  9:37  Banshee  
  149  9:44  Hellion x2  
  151  10:06  Hellion x2  
Tags
 
Add a new tag
Caveats
  • Supply blocks, unpowered buildings, or Contaminate may cause inaccurate times.
  • Supply counts are checked every 10 seconds.